 Dungeon Crawl Stone Soup version 0.20.2-3-g29329e0561 (webtiles) character file.

172 Alfie the Skirmisher (level 5, 0/47 HPs)
             Began as a Hill Orc Fighter on Dec 19, 2023.
             Slain by a worm (8 damage)
             ... on level 2 of the Dungeon.
             The game lasted 00:05:10 (1302 turns).

Alfie the Skirmisher (Hill Orc Fighter)             Turns: 1302, Time: 00:05:10

Health: 0/47       AC:  8    Str: 17 (20) XL:     5   Next: 53%
Magic:  5/5        EV:  7    Int:  5 (8)  God:
Gold:   74         SH:  9    Dex:  9 (10) Spells: 4/4 levels left

rFire    . . .     SeeInvis .   a - +0 rapier
rCold    . . .     Gourm    .   c - +0 shield
rNeg     . . .     Faith    .   b - +0 scale mail
rPois    .         Spirit   .   (no helmet)
rElec    .         Reflect  .   (no cloak)
rCorr    .         Harm     .   g - +0 pair of gloves
MR       .....                  (no boots)
Stlth    ..........             (no amulet)
Regen    0.2/turn               (no ring)
MPRegen  0.1/turn               (no ring)

@: no status effects
A: no striking features
a: no special abilities


You were on level 2 of the Dungeon.
You were not hungry.

You visited 1 branch of the dungeon, and saw 3 of its levels.

You collected 74 gold pieces.

Inventory:

Hand Weapons
 a - a +0 rapier (weapon)
 s - a +1 shortbow of velocity
Missiles
 u - 19 arrows
Armour
 b - a +0 scale mail (worn)
 c - a +0 shield (worn)
 g - a +0 pair of gloves (worn)
Jewellery
 k - a +3 ring of strength {unknown}
Wands
 v - a wand of flame (31/48)
Scrolls
 e - a scroll of amnesia {unknown}
 i - 4 scrolls of noise {unknown}
 j - a scroll of immolation {unknown}
 m - a scroll of identify {unknown}
 n - a scroll of magic mapping {unknown}
 o - a scroll of enchant weapon {unknown}
 p - a scroll of recharging {unknown}
 q - a scroll of remove curse {unknown}
 r - 2 scrolls of teleportation {unknown}
Potions
 d - 4 potions of might
 t - a potion of lignification {unknown}
Comestibles
 f - 3 bread rations
 l - 2 meat rations


   Skills:
 + Level 4.4 Fighting
 + Level 3.4 Short Blades
 + Level 4.1 Armour
 + Level 1.0 Dodging
 + Level 4.2 Shields


You had 4 spell levels left.
You didn't know any spells.

Dungeon Overview and Level Annotations

Branches:
Dungeon (3/15)

Altars:
Vehumet

Annotations:
D:3 Ijyb


Message History

You closely miss the frilled lizard. The frilled lizard barely misses you.
You barely miss the frilled lizard. You block the frilled lizard's attack.
The frilled lizard bites you.
* * * LOW HITPOINT WARNING * * *
You puncture the frilled lizard!
You kill the frilled lizard!
It was a potion of cancellation.
You feel magically purged.
Ijyb the Twisted Goblin comes into view.
Ijyb shouts!
Ijyb zaps a wand.
You are blasted!
* * * LOW HITPOINT WARNING * * *
It is a wand of disintegration (?/24).
A goblin comes into view. It is wielding a club.
There is an escape hatch in the ceiling here.
A mysterious force pulls you upwards. The hatch slams shut behind you.
A worm comes into view.
Your shield prevents you from hitting the worm.
The worm bites you but does no damage.
You barely miss the worm. The worm bites you!
You die...

##########..#.#.#
#...........#.#.#
#...........#>#.##
######........##.#_#..#
#<............##.###..#
##############........##......#
).............>......)..†.....#
###....###################.#.##
###........(....@w.....#...#.#
..#................###.#.#.#.#
..#................# #.#.###.#
..#................# #.#.....#
..#.....#####.....## #.########
........# #.....# #........#
..###.#.# #.....# ########.#
.....<#.# #.....# #.# ..###.#.#
#.....# #.#


You could see a worm.

Vanquished Creatures
  A centaur (D:3)
  3 adders
  2 oozes
  A worm (D:2)
  A dart slug (D:1)
  A leopard gecko (D:2)
  An orc (D:3)
  5 bats
  4 giant cockroaches
  4 goblins
  5 hobgoblins
  2 jackals (D:1)
  5 kobolds
  A quokka (D:2)
  A ball python (D:2)
  6 frilled lizards
  4 rats
47 creatures vanquished.

Notes
Turn   | Place    | Note
-------+----------+-------------------------------------------
     0 | D:1      | Alfie the Hill Orc Fighter began the quest for the Orb.
     0 | D:1      | Reached XP level 1. HP: 19/19 MP: 1/1
    78 | D:1      | Reached XP level 2. HP: 26/27 MP: 2/2
   541 | D:2      | Reached XP level 3. HP: 20/33 MP: 3/3
   866 | D:2      | Reached XP level 4. HP: 32/40 MP: 4/4
  1032 | D:2      | Found a radiant altar of Vehumet.
  1212 | D:3      | Noticed a centaur
  1226 | D:3      | Killed a centaur
  1226 | D:3      | Reached skill level 1 in Dodging
  1226 | D:3      | Reached XP level 5. HP: 12/47 MP: 5/5
  1291 | D:3      | Noticed Ijyb
  1302 | D:2      | Slain by a worm

Skill      XL: |  1  2  3  4 |
---------------+-------------+-----
Fighting       | 4 |  4.4
Shields        | 4 |  4.2
Short Blades   | 3 |  3.4
Armour         | 4 |  4.1
Dodging        | 1 |  1.0

Action                   |  1- 3 |  4- 6 || total
-------------------------+-------+-------++-------
Melee: Rapier            |   110 |    84 ||   194
  Use: Potion            |       |     2 ||     2
  Eat: Royal jelly       |       |     1 ||     1
Armor: Scale mail        |    82 |    28 ||   110
Dodge: Dodged            |    37 |    19 ||    56
Block: Shield            |    65 |    34 ||    99
